 Dungeon Crawl Stone Soup version 0.31-a0-662-g684573625c (webtiles) character file.

Game seed: 15740602993120620540

1692304 EnegeticOcto the Skinwalker (level 27, 234/234 HPs)
             Began as an Octopode Delver on Sept 1, 2023.
             Was a High Priest of Nemelex Xobeh.
             Escaped with the Orb
             ... and 3 runes!
             The game lasted 02:07:47 (68023 turns).

EnegeticOcto the Skinwalker (Octopode Delver)      Turns: 68023, Time: 02:07:48

Health: 234/234    AC: 43    Str: 24      XL:     27
Magic:  36/36      EV: 44    Int: 20      God:    Nemelex Xobeh [*****.]
Gold:   3615       SH: 22    Dex: 30 (31) Spells: 26/26 levels left

rFire   + + +        Q - +9 broad axe (chaos)
rCold   + . .        W - +5 kite shield {rC+ rF+}
rNeg    + + .        o - -2 hat of the Alchemist {rElec rPois rF+ rC+ rN+ Will+ rMut rCorr}
rPois   ∞            l - amulet of regeneration
rElec   +            O - +6 ring of dexterity
rCorr   +            A - +6 ring of strength
SInv    .            K - +4 ring of protection
Will    +++++        u - +5 ring of evasion
Stlth   ++           n - ring "Qeniashra" {rF+ Will+ EV+5}
HPRegen 1.39/turn    c - +6 ring of strength
MPRegen 0.25/turn    P - ring of the Gloaming {AC+4 Slay+3}
                     h - ring of Exodocaja {Fly rC- Will+++ Int+6}

%: resist mutation
@: statue-form, flying, studying 3 skills, very slow
A: slow and powerful, torment resistance 1, boosted hp, almost no armour,
amphibious, 8 rings, camouflage 1, (gelatinous body 1), (nimble swimmer 1),
tentacles, deterioration 2, frail 1, inability to read after injury 1
0: Orb of Zot
}: 3/15 runes: decaying, serpentine, silver
a: Begin Untransformation, Renounce Religion, Draw Escape, Draw Destruction,
Draw Summoning, Draw Stack, Triple Draw, Deal Four, Stack Five


You escaped.
You worshipped Nemelex Xobeh.
Nemelex Xobeh was extremely pleased with you.
You were a living statue of rough stone.
You visited 10 branches of the dungeon, and saw 50 of its levels.
You also visited: Trove and Bailey.

You collected 8507 gold pieces.
You spent 4892 gold pieces at shops.

Inventory:

Hand Weapons
 Q - a +9 broad axe of chaos (weapon)
   (You took it off an orc warlord in a bailey)
Missiles
 i - 5 throwing nets {!f}
 v - 8 darts of dispersal
 H - 12 curare-tipped darts (quivered)
Armour
 o - the -2 hat of the Alchemist (worn) {rElec rPois rF+ rC+ rN+ Will+ rMut rCorr}
   (You found it on level 1 of the Realm of Zot)

   rF+:       It protects you from fire.
   rC+:       It protects you from cold.
   rElec:     It insulates you from electricity.
   rPois:     It protects you from poison rN+: It protects you from negative
   energy.
   Will+:     It increases your willpower.
   rCorr:     It protects you from acid and corrosion.
   rMut:      It protects you from mutation.
 W - a +5 kite shield of resistance (worn)
   (You bought it in a shop on level 8 of the Dungeon)
Jewellery
 c - a +6 ring of strength (on tentacle)
   (You took it off a deep elf death mage on level 3 of the Elven Halls)
 h - the ring of Exodocaja (on tentacle) {Fly rC- Will+++ Int+6}
   (You acquired it on level 14 of the Dungeon)

   [ring of flight]

   Int+6:     It affects your intelligence (+6).
   rC-:       It makes you vulnerable to cold.
   Will+++:   It greatly increases your willpower.
   Fly:       It grants you flight.
 l - an amulet of regeneration (around mantle)
   (You found it on level 3 of the Snake Pit)
 n - the ring "Qeniashra" (on tentacle) {rF+ Will+ EV+5}
   (You found it on level 3 of the Crypt)

   [ring of evasion]

   EV+5:      It affects your evasion (+5).
   rF+:       It protects you from fire.
   Will+:     It increases your willpower.
 u - a +5 ring of evasion (on tentacle)
   (You bought it in a shop on level 3 of the Snake Pit)
 A - a +6 ring of strength (right tentacle)
   (You found it on level 4 of the Dungeon)
 K - a +4 ring of protection (on tentacle)
   (You took it off a yaktaur on level 1 of the Vaults)
 O - a +6 ring of dexterity (left tentacle)
   (You found it on level 1 of the Elven Halls)
 P - the ring of the Gloaming (on tentacle) {AC+4 Slay+3}
   (You acquired it on level 14 of the Dungeon)

   [ring of protection]

   AC+4:      It affects your AC (+4).
   Slay+3:    It affects your accuracy & damage with ranged weapons and melee
   (+3).
 X - the ring "Jyanesh" {Ice +Blink}
   (You found it on level 3 of the Lair of Beasts)

   [ring of ice]

   Ice:       It enhances your ice magic.
   rF-:       It makes you vulnerable to fire.
   rC+:       It protects you from cold.
   +Blink:    It lets you blink.
Talismans
 R - a granite talisman (active)
   (You took it off Roxanne on level 15 of the Dungeon)
Wands
 b - a wand of iceblast (43) {@v2}
   (You found it on level 13 of the Dungeon)
 d - a wand of flame (123) {@v4}
   (You found it on level 9 of the Dungeon)
 f - a wand of digging (16) {@v3}
 r - a wand of acid (31) {@v1}
   (You found it on level 4 of the Dungeon)
 B - a wand of paralysis (88)
   (You found it on level 11 of the Dungeon)
 U - a wand of polymorph (32)
   (You found it on level 10 of the Dungeon)
 Y - a wand of mindburst (29)
   (You found it on level 3 of the Elven Halls)
Scrolls
 g - 7 scrolls of immolation
 s - 26 scrolls of teleportation {@r3 !r}
 t - 4 scrolls of blinking {@r4}
 y - 4 scrolls of fog {!r}
 E - 2 scrolls of revelation {@r5 !r}
 G - 3 scrolls of poison
 M - 5 scrolls of fear {!r}
 N - 6 scrolls of summoning
 T - 3 scrolls of vulnerability
 V - 4 scrolls of silence {!r}
Potions
 a - a potion of resistance
 e - 10 potions of haste {@q4 !q}
 k - 36 potions of curing {@q1 !q}
 m - 3 potions of might {@q3 !q}
 p - 7 potions of lignification {@q6}
 w - 4 potions of magic
 x - 11 potions of heal wounds {@q2 !q}
 z - 6 potions of berserk rage
 C - 7 potions of mutation
 D - 6 potions of enlightenment
 F - 4 potions of cancellation
 I - 2 potions of ambrosia
 L - 8 potions of invisibility
 S - 2 potions of attraction
Miscellaneous
 j - a lightning rod (4/4)
   (You found it on level 5 of the Vaults)
 q - a phial of floods
   (You found it on level 5 of the Vaults)
 J - a phantom mirror
   (You found it on level 5 of the Vaults)
 Z - a sack of spiders (inert)
   (You found it on level 1 of the Vaults)


   Skills:
 - Level 20.0 Fighting
 - Level 2.1 Short Blades
 - Level 16.4(18.0) Axes
 - Level 12.1(15.8) Maces & Flails
 - Level 20.0 Dodging
 - Level 6.7 Stealth
 - Level 15.0 Shields
 - Level 18.0 Invocations
 - Level 12.0 Evocations
 + Level 24.3 Shapeshifting


You had 26 spell levels left.
You didn't know any spells.
Your spell library contained the following spells:

 Spells                   Type           Power      Damage    Failure   Level
 Magic Dart               Conj           0%         1d3       28%         1
 Necrotise                Necr           0%         1d4       28%         1
 Sandblast                Erth           0%         2d4       28%         1
 Sting                    Tmut/Pois      0%         1d3       28%         1
 Call Imp                 Summ           0%         N/A       38%         2
 Cigotuvi's Dreadful Rot  Necr/Pois/Air  0%         N/A       38%         2
 Poisonous Vapours        Pois/Air       0%         N/A       38%         2
 Static Discharge         Conj/Air       0%         2-2/arc   38%         2
 Call Canine Familiar     Summ           0%         N/A       63%         3
 Dazzling Flash           Conj/Hex       0%         N/A       63%         3
 Gell's Gravitas          Tloc           0%         N/A       63%         3
 Ignite Poison            Fire/Tmut/Pois 0%         N/A       63%         3
 Inner Flame              Hex/Fire       0%         N/A       63%         3
 Mephitic Cloud           Conj/Pois/Air  0%         N/A       63%         3
 Ozocubu's Armour         Ice            0%         N/A       63%         3
 Portal Projectile        Hex/Tloc       0%         N/A       63%         3
 Summon Guardian Golem    Hex/Summ       0%         N/A       63%         3
 Swiftness                Air            0%         N/A       63%         3
 Teleport Other           Tloc           0%         N/A       63%         3
 Tukima's Dance           Hex            0%         N/A       63%         3
 Vampiric Draining        Necr           0%         2d6       63%         3
 Airstrike                Air            0%         2d(0-16)  95%         4
 Cause Fear               Hex            0%         N/A       95%         4
 Dispel Undead            Necr           0%         3d6       95%         4
 Flame Wave               Conj/Fire      0%         2d4       95%         4
 Leda's Liquefaction      Hex/Erth       0%         N/A       95%         4
 Olgreb's Toxic Radiance  Pois           0%         N/A       95%         4
 Passage of Golubria      Tloc           0%         N/A       95%         4
 Petrify                  Tmut/Erth      0%         N/A       95%         4
 Sticky Flame             Conj/Fire      0%         2d3       95%         4
 Vhi's Electric Charge    Tloc/Air       0%         N/A       95%         4
 Agony                    Necr           0%         N/A       100%        5
 Arcjolt                  Conj/Air       0%         1d10      100%        5
 Fireball                 Conj/Fire      0%         3d3       100%        5
 Freezing Cloud           Conj/Ice/Air   0%         6-21      100%        5
 Irradiate                Conj/Tmut      0%         3d11      100%        5
 Lee's Rapid Deconstruct  Erth           0%         3d4*      100%        5
 Silence                  Hex/Air        0%         N/A       100%        5
 Summon Forest            Summ/Tloc      0%         N/A       100%        5
 Summon Mana Viper        Hex/Summ       0%         N/A       100%        5
 Yara's Violent Unravell  Hex/Tmut       0%         3d3       100%        5
 Conjure Ball Lightning   Conj/Air       0%         3x3d6     100%        6
 Death Channel            Necr           0%         N/A       100%        6
 Dispersal                Tloc           0%         N/A       100%        6
 Eringya's Noxious Bog    Tmut/Pois      0%         4d6       100%        6
 Plasma Beam              Fire/Air       0%         2x1d10    100%        6
 Enfeeble                 Hex            0%         N/A       100%        7
 Haunt                    Necr/Summ      0%         N/A       100%        7
 Malign Gateway           Summ/Tloc      0%         N/A       100%        7
 Orb of Destruction       Conj           0%         9d5       100%        7
 Ozocubu's Refrigeration  Ice            0%         4d7       100%        7
 Spellforged Servitor     Conj/Summ      0%         N/A       100%        7
 Summon Hydra             Summ           0%         N/A       100%        7
 Borgnjor's Revivificati  Necr           0%         N/A       100%        8
 Discord                  Hex            0%         N/A       100%        8
 Ignition                 Fire           0%         3d3       100%        8
 Death's Door             Necr           0%         N/A       100%        9
 Dragon's Call            Summ           0%         N/A       100%        9
 Shatter                  Erth           0%         3d5*      100%        9
 Sublimation of Blood     Necr           Unusable   N/A       N/A         2

Dungeon Overview and Level Annotations

Branches:
Dungeon (15/15)            Temple (0/1) D:5            Lair (5/5) D:10
  Swamp (4/4) Lair:3        Snake (4/4) Lair:2        Slime (0/5) Lair:4
    Orc (2/2) D:11            Elf (3/3) Orc:2        Vaults (5/5) D:14
  Crypt (3/3) Vaults:2       Tomb (0/3) Crypt:3      Depths (4/4) D:15
    Zot (5/5) Depths:4     Bailey (visited)

Altars:
Ashenzari
Elyvilon
Fedhas
Gozag
Hepliaklqana
Kikubaaqudgha
Makhleb
Nemelex Xobeh
Qazlal
Ru
Sif Muna
Vehumet
Xom
Yredelemnul
Jiyva
Lugonu

Shops:
D:2 !   D:8 [   D:11 ?   D:13 :   Orc:1 ?   Orc:2 :?[[   Elf:1 *   Snake:1 ?
Snake:2 !   Snake:3 =   Vaults:1 *   Vaults:4 :((   Vaults:5 *

Portals:
Hell: Depths:1 Depths:2 Depths:3 Depths:4
Abyss: Depths:1 Depths:2 Depths:3
Pandemonium: Depths:2*
Ziggurat: Depths:4

Annotations:
D:2 1 runed translucent door, exclusion: door, Crazy Yiuf
D:15 3 runed translucent doors, exclusion: 3 doors, Wuim's ghost, adept OgEE
Lair:2 exclusions: catoblepas and 2 oklob plants
Lair:3 exclusion: boulder beetle
Lair:5 3 runed translucent doors, exclusion: 3 doors, flinch's ghost, journeyman OpSh
Snake:3 2 transporters, exclusion: downstairs, Cuqaunix's ghost, adept MiCK
Orc:1 1 runed translucent door, exclusion: door, Kusum's ghost, journeyman DsFi
Elf:2 3 runed translucent doors, exclusion: door
Vaults:1 1 runed translucent door, exclusion: door, Kare Xaoge's ghost, adept DgSh
Zot:5 exclusion: door


Innate Abilities, Weirdness & Mutations

You are a living statue of rough stone.
Your actions are slow, but your melee attacks are powerful.
You are resistant to unholy torment.
Your maximum health is greatly increased.
You cannot wear most types of armour.
You are amphibious.
You can wear up to eight rings at the same time.
You are immune to poison.
Your skin changes colour to match your surroundings (Stealth+).
((Your rubbery body absorbs attacks. (AC +1, EV +1)))
((You are camouflaged when in or above water. (Stealth+)))
You have tentacles for arms and can constrict up to eight enemies at once.
Your body often deteriorates upon taking damage.
You are frail. (-10% HP)
You occasionally lose the ability to read scrolls when taking damage.


Message History

Your tarantella barely misses Eqoitici.
You chop Eqoitici into pieces!!! You freeze Eqoitici.
Your squeeze misses Eqoitici.
Eqoitici is almost dead.
You block Eqoitici's attack.
Your jumping spider misses Eqoitici.
Your jumping spider bites Eqoitici but does no damage.
Your jumping spider pounces on Eqoitici.
Your jumping spider completely misses Eqoitici.
Eqoitici completely misses you.
Your tarantella completely misses Eqoitici.
Your jumping spider misses Eqoitici.
Your jumping spider closely misses Eqoitici.
Eqoitici completely misses you.
Your jumping spider misses Eqoitici. x2
Your tarantella closely misses Eqoitici.
You slice Eqoitici!!
You kill Eqoitici!
You feel your strength returning.
(D) Dungeon (T) Temple (L) Lair (S) Swamp (P) Snake Pit (M) Slime Pits (O) Orcish Mines (E) Elven Halls (V) Vaults (C) Crypt (W) Tomb (U) Depths (H) Hell (Z) Zot
Where to? (Tab/Enter - D:1 @ (x,y), ? - help) HP restored.
There is a stone staircase leading up here.
You fly upwards.
Your summoned allies are left behind.
Level annotation: 1 runed translucent door, exclusion: door, Crazy Yiuf
There is a stone staircase leading down here.
Magic restored.
A green death comes into view.
The green death roars!
The green death gestures at you. You block the poison arrow.
You block the green death's attack. The green death gestures at you.
The blast of poison misses you.
You hit the green death.
The green death seems to speed up.
You squeeze the green death!
The green death is moderately wounded.
The green death gestures at you. The poison arrow misses you.
You slash the green death!
The green death convulses!
Your squeeze misses the green death.
The green death is heavily wounded.
You block the green death's attack. The green death gestures at you.
The blast of poison misses you.
You slice the green death!! You burn the green death.
You squeeze the green death!
You kill the green death!
No target in view!
(D) Dungeon (T) Temple (L) Lair (S) Swamp (P) Snake Pit (M) Slime Pits (O) Orcish Mines (E) Elven Halls (V) Vaults (C) Crypt (W) Tomb (U) Depths (H) Hell (Z) Zot
Where to? (Tab/Enter - D:1 @ (x,y), ? - help)
There is a stone staircase leading up here.
You fly upwards.
There is a stone staircase leading down here.
An efreet comes into view.
It is wielding a +1 scimitar of flaming.
Unknown command.
The efreet gestures at you. The bolt of fire misses you.
The efreet gestures at you. The bolt of fire misses you.
The efreet gestures at you. The bolt of fire misses you. The efreet misses you.
You slice the efreet!! You squeeze the efreet!
You kill the efreet!
No target in view!
No target in view!
(D) Dungeon (T) Temple (L) Lair (S) Swamp (P) Snake Pit (M) Slime Pits (O) Orcish Mines (E) Elven Halls (V) Vaults (C) Crypt (W) Tomb (U) Depths (H) Hell (Z) Zot
Where to? (Tab/Enter - D:1 @ (x,y), ? - help)
A hellwing comes into view.
Unknown command.
The hellwing gives a chilling moan.
Uneateex comes into view. It is armed with a freezing touch.
A small abomination comes into view.
The hellwing swoops through the air toward you!
The hellwing completely misses you. You block the hellwing's attack.
You slash the hellwing! You burn the hellwing.
The hellwing is moderately wounded.
You block the hellwing's attack. The hellwing completely misses you.
You hit the hellwing but do no damage.
The hellwing is moderately wounded.
You block the hellwing's attack. x2
You chop the hellwing into pieces!!!
You kill the hellwing!
You completely miss Uneateex. Your squeeze misses Uneateex.
You block Uneateex's attack.
Press: ? - help, v - describe, . - travel
Here: Uneateex, armed with a freezing touch The floor.
Blink to where?
Press: ? - help, Dir - move target
As you read the scroll of blinking {@r4}, it crumbles to dust.
You have escaped!

#.###............##.##) ##.#
#..#######...##.... #..#
#..##...##.........
#########.####..#.###.#...##....
#.).......###...#.#≈'.#.........
#.#####.####....#.###.'..###.###
#.#####.####.#[.##...##..# #.# #
#.##............#######..# #.###
#.##.##.######.8..&......# #....
#.##.##.### #....x......# #####
#.........# #..#........# #
#########.# #.#####.###.# #.#
#.#####.# #.# #.#
#.......###.#####
#.#############......#
#.##.....####....###.###
#.##.............#......


You could see Uneateex and a small abomination.

Vanquished Creatures
  2 dread liches
  6 orbs of fire
  Mennas (Vaults:4)
  2 juggernauts (Depths:3)
  4 Killer Klowns (Zot:5)
  3 pandemonium lords
  3 curse toes
  Xtahua (Crypt:3)
  4 golden dragons
  Nikola (Swamp:2)
  Norris (Vaults:4)
  A bone dragon (Crypt:3)
  A Brimstone Fiend (D:6)
  3 doom hounds (Zot:4)
  An iron giant (Depths:3)
  Jorgrun (Swamp:2)
  An electric golem (Zot:5)
  A walking crystal tome (Depths:3)
  6 liches
  13 tentacled monstrosities
  Grunn (Zot:4)
  2 walking earthen tomes
  5 quicksilver dragons
  A deep elf blademaster (Elf:3)
  2 Ice Fiends
  20 Orb Guardians
  6 sphinxes
  5 ancient champions
  2 titans
  7 death cobs
  2 deep elf master archers (Elf:3)
  2 Executioners
  A thorn hunter (Swamp:2)
  7 shadow dragons
  5 tengu reavers
  4 nagarajas (Snake:4)
  7 storm dragons
  10 fire giants
  2 fenstrider witches
  4 draconian monks
  An azure jelly (shapeshifter) (Vaults:5)
  3 draconian knights
  3 deep elf sorcerers (Elf:3)
  8 frost giants
  4 iron dragons
  5 draconian shifters
  15 vault wardens
  A balrug (D:14)
  2 orc warlords
  3 draconian scorchers
  3 curse skulls
  5 deep elf elementalists (Elf:3)
  20 ironbound preservers
  13 ghouls
  A draconian stormcaller (Zot:4)
  A spriggan defender (Depths:4)
  A reaper (Zot:1)
  5 ghost moths
  11 stone giants
  3 draconian annihilators
  23 very ugly things
  7 eleionomae
  A war gargoyle (Vaults:5)
  7 green draconians
  3 vampire knights (Crypt:1)
  7 deep elf demonologists
  5 ironbound thunderhulks
  A juggernaut skeleton (Depths:3)
  5 deep elf annihilators
  5 purple draconians
  5 bunyips
  A minotaur (shapeshifter) (Vaults:5)
  Azrael (D:15)
  5 red draconians
  5 white draconians
  6 yellow draconians
  4 black draconians
  2 dire elephants
  4 spark wasps (Depths:1)
  2 eidola
  14 ettins
  8 deep elf death magi
  4 green deaths
  A merfolk javelineer (Depths:1)
  Josephine (D:15)
  2 quicksilver dragon zombies
  2 entropy weavers
  15 yaktaur captains
  10 fire dragons
  15 jiangshi
  5 deep elf high priests
  2 shambling mangroves
  6 great orbs of eyes
  14 hydras
  33 vault guards
  9 ice dragons
  2 hell beasts (Swamp:4)
  Erolcha (D:12)
  2 ogre magi
  2 peacekeepers (Vaults:2)
  4 salamander tyrants
  8 spriggan air magi
  An alligator snapping turtle (Zot:2)
  A catoblepas (Lair:5)
  13 alligators
  4 rakshasas
  2 two-headed ogres (shapeshifter)
  A ghost crab (Swamp:3)
  An alligator (shapeshifter) (Vaults:5)
  17 dancing weapons
  7 ironbound frosthearts
  11 anacondas
  16 naga warriors
  6 boulder beetles
  2 death knights (Crypt:2)
  7 centaur warriors
  9 two-headed ogres
  5 death yaks (Lair:5)
  5 deep troll shamans
  4 tengu warriors
  A titan zombie (Crypt:2)
  A shock serpent (shapeshifter) (Vaults:2)
  5 deep troll earth magi
  15 naga sharpshooters
  7 spriggan berserkers
  A thrashing horror (Swamp:4)
  14 hell knights
  6 vampire magi
  3 soul eaters
  5 orc high priests (Orc:2)
  13 deep elf knights
  9 shock serpents
  5 sun demons
  3 skysharks
  7 iron trolls
  9 salamander mystics
  4 sixfirhies
  5 goliath frogs
  A bunyip zombie (Crypt:3)
  A death drake (Swamp:3)
  A storm dragon skeleton (Depths:3)
  16 skeletal warriors
  2 spriggan druids
  9 naga ritualists
  A glowing orange brain (Zot:3)
  An orb spider (Depths:4)
  An orange crystal statue (Lair:1)
  A steelbarb worm (shapeshifter) (Elf:1)
  16 lindwurms
  9 swamp dragons
  A glowing orange brain (shapeshifter) (Vaults:4)
  3 wizards
  52 deep trolls
  4 flayed ghosts
  12 bog bodies
  8 orc knights
  18 ironbound convokers
  Pikel (D:9)
  13 large abominations
  12 deep elf archers
  A shining eye (shapeshifter) (Depths:2)
  9 mana vipers
  An anaconda skeleton (Crypt:1)
  9 phantasmal warriors
  4 orc sorcerers
  3 necromancers
  An eleionoma zombie (Crypt:3)
  18 deep elf pyromancers
  23 deep elf zephyrmancers
  A tengu skeleton (Depths:3)
  4 manticores
  4 will-o-the-wisps
  28 ugly things
  5 cyclopes
  A cyclops (shapeshifter) (Vaults:5)
  22 salamanders
  7 elephants
  21 moths of wrath
  A spectral centaur (D:13)
  A stone giant skeleton (Crypt:1)
  11 guardian serpents
  51 black mambas
  A gargoyle (D:11)
  A guardian serpent (shapeshifter) (Elf:2)
  12 naga magi
  2 centaur zombies (D:13)
  A black mamba (shapeshifter) (Swamp:4)
  21 vault sentinels
  12 cane toads
  8 torpor snails
  5 centaur skeletons
  A hellion (D:14)
  Jeremiah (D:7)
  7 orange demons
  Maggie (D:7)
  6 rime drakes
  6 unseen horrors
  3 smoke demons
  2 efreet
  A death yak zombie (Crypt:3)
  11 komodo dragons
  7 freezing wraiths
  2 kobold demonologists
  28 yaktaurs
  2 ice devils (D:13)
  3 tengu conjurers
  A queen bee (Depths:3)
  A merfolk (D:15)
  A minotaur skeleton (Crypt:1)
  A red draconian skeleton (Crypt:2)
  6 hellwings
  A meliai (shapeshifter) (Vaults:3)
  2 polar bears
  25 hornets
  3 meliai (D:14)
  5 trolls
  A wolf spider simulacrum (D:15)
  11 tyrant leeches
  Prince Ribbit (D:6)
  2 tarantellas (Vaults:1)
  13 blink frogs
  A raiju (Orc:2)
  2 dream sheep (Lair:5)
  A snapping turtle (shapeshifter) (Vaults:3)
  2 flying skulls (Crypt:3)
  A slime creature (shapeshifter) (Elf:2)
  3 air elementals
  30 slime creatures
  3 wyverns
  6 water elementals
  13 spriggans
  2 shadows
  2 golden eyes
  13 wraiths
  4 basilisks
  A basilisk (shapeshifter) (D:14)
  A hog (shapeshifter) (Vaults:5)
  54 yaks
  5 steam dragons
  10 fire elementals
  4 redbacks
  7 chaos spawn
  8 vampire mosquitoes
  A warg (shapeshifter) (Zot:3)
  36 nagas
  13 swamp worms
  An acid dragon (Orc:2)
  11 wargs
  8 water moccasins
  A swamp worm (shapeshifter) (Vaults:3)
  8 hell hounds
  24 orc warriors
  A floating eye (shapeshifter) (Vaults:5)
  4 ice beasts
  3 sky beasts
  3 black bears
  2 swamp drakes
  17 wolves
  6 boggarts
  16 centaurs
  12 ogres
  A tengu (Snake:4)
  A hog skeleton (Crypt:1)
  Blork the orc (D:4)
  4 lemures (D:9)
  A fire crab zombie (Crypt:2)
  12 bullfrogs
  3 earth elementals
  2 scorpions
  5 necrophages
  A komodo dragon skeleton (Crypt:2)
  A draconian skeleton (Crypt:3)
  3 wights (D:9)
  A killer bee (shapeshifter) (Snake:2)
  A queen bee zombie (Crypt:1)
  4 small abominations
  2 howler monkeys
  3 electric eels (Elf:3)
  4 lava snakes (Lair:1)
  4 hounds
  25 orc priests
  5 jellies
  A basilisk zombie (Crypt:3)
  Jessica (D:2)
  4 iguanas
  28 orc wizards
  A human skeleton (Crypt:2)
  A boggart skeleton (D:14)
  An acid dragon skeleton (Crypt:1)
  10 gnolls
  8 adders
  A shadow imp (D:6)
  A white imp (D:7)
  4 ufetubi
  An adder skeleton (Crypt:3)
  2 worms
  4 dart slugs
  82 orcs
  7 ball pythons
  10 endoplasms
  3 giant cockroaches
  23 goblins
  11 hobgoblins
  6 jackals
  3 quokkas
  A ball python zombie (Crypt:2)
  4 bats
  3 frilled lizards
  A giant cockroach zombie (Crypt:1)
  6 kobolds
  A kobold skeleton (Crypt:3)
  3 rats
  A river rat skeleton (Crypt:2)
2027 creatures vanquished.

Vanquished Creatures (collateral kills)
  Vashnia (Snake:2)
  An electric golem (Zot:5)
  A walking crystal tome (Depths:3)
  4 Orb Guardians (Zot:5)
  Roxanne (D:15)
  A deep elf sorcerer (Elf:3)
  A cacodemon (Zot:1)
  A draconian annihilator (Zot:2)
  A green draconian (Zot:2)
  A white draconian (Zot:2)
  3 dire elephants (Vaults:1)
  A deep elf death mage (Elf:3)
  A yaktaur captain (Vaults:5)
  A jiangshi (Depths:3)
  Harold (D:9)
  A vault guard (Vaults:5)
  A catoblepas (Lair:5)
  2 death yaks (Lair:5)
  A vampire mage (Depths:3)
  2 naga sharpshooters (Snake:2)
  A sixfirhy (Zot:1)
  A deep elf pyromancer (D:12)
  An orc knight (Bailey)
  2 black mambas (Lair:5)
  A torpor snail (Lair:5)
  2 vault sentinels
  An elephant (Lair:5)
  Joseph (D:7)
  2 orange demons (Zot:1)
  A komodo dragon (Lair:5)
  A yaktaur (Vaults:5)
  A troll (D:13)
  2 blink frogs (Lair:5)
  A dream sheep (Lair:5)
  18 yaks (Lair:5)
  A wyvern (Lair:5)
  A neqoxec (D:13)
  2 water moccasins (Lair:5)
  3 orc warriors
  A howler monkey (D:8)
  An orc wizard (D:8)
  A small abomination (D:3)
  A gnoll (Bailey)
  3 orcs
  A quokka (D:4)
78 creatures vanquished.

Vanquished Creatures (others)
  A bog body (Swamp:1)
  A lindwurm (Vaults:2)
  An orange demon (D:13)
  A human zombie (Vaults:5)
  2 bloated husks
  An air elemental (Elf:2)
  A slime creature zombie (Swamp:4)
  A deep troll zombie (Vaults:3)
  A floating eye (shapeshifter) (Vaults:5)
  An orc zombie (Vaults:3)
  A boggart (Vaults:1)
  A scorpion (D:6)
  A boggart zombie (Vaults:1)
  20 foxfires
34 creatures vanquished.

Grand Total: 2139 creatures vanquished

Notes
Turn   | Place    | Note
-------+----------+-------------------------------------------
     0 | D:5      | EnegeticOcto the Octopode Delver began the quest for the
                  | Orb.
     0 | D:5      | Reached XP level 1. HP: 16/16 MP: 1/1
    29 | D:4      | Noticed Dowan
    60 | D:4      | Found a sparkling altar of Nemelex Xobeh.
    64 | D:4      | Became a worshipper of Nemelex Xobeh the Trickster
    85 | D:4      | Noticed an orc wizard
   137 | D:4      | Reached XP level 2. HP: 21/21 MP: 2/2
   141 | D:4      | Noticed an ogre
   437 | D:2      | Found Xumafaagg's Distillery.
   445 | D:2      | Bought a potion of curing for 33 gold pieces
   454 | D:2      | Reached * piety under Nemelex Xobeh
   503 | D:1      | Reached XP level 3. HP: 26/26 MP: 3/3
   505 | D:1      | Reached skill level 1 in Invocations
  1177 | D:1      | Received a gift from Nemelex Xobeh
  1387 | D:2      | Reached skill level 4 in Fighting
  1387 | D:2      | Reached skill level 1 in Maces & Flails
  1387 | D:2      | Reached XP level 4. HP: 33/33 MP: 5/5
  1471 | D:2      | Noticed Jessica
  1474 | D:2      | Killed Jessica
  1475 | D:2      | Reached skill level 2 in Invocations
  1687 | D:2      | Reached ** piety under Nemelex Xobeh
  1699 | D:2      | Reached skill level 2 in Maces & Flails
  1818 | D:2      | Found a runed translucent door.
  1819 | D:2      | Noticed Crazy Yiuf
  2123 | D:2      | Bought a potion of lignification for 33 gold pieces
  2411 | D:4      | Killed an ogre
  2412 | D:4      | Reached skill level 3 in Maces & Flails
  2412 | D:4      | Reached XP level 5. HP: 37/37 MP: 6/6
  2581 | D:2      | Bought a potion of heal wounds for 55 gold pieces
  2630 | D:4      | Noticed Duvessa
  2631 | D:4      | Dowan changed into Dowan the iguana
  2631 | D:4      | Noticed Dowan
  2631 | D:4      | Duvessa changed into Duvessa the boggart
  2631 | D:4      | Noticed Duvessa
  2632 | D:4      | Dowan the iguana changed into Dowan the quokka
  2632 | D:4      | Noticed Dowan
  2632 | D:4      | Duvessa the boggart changed into Duvessa the swamp drake
  2632 | D:4      | Noticed Duvessa
  2637 | D:4      | Killed Dowan the quokka
  2866 | D:4      | Noticed Blork the orc
  2869 | D:4      | Killed Blork the orc
  2870 | D:4      | Reached skill level 4 in Maces & Flails
  2870 | D:4      | Reached XP level 6. HP: 43/43 MP: 7/7
  2880 | D:4      | Killed Duvessa the swamp drake
  2881 | D:4      | Reached skill level 5 in Maces & Flails
  2970 | D:4      | Reached XP level 7. HP: 43/48 MP: 8/8
  3287 | D:4      | Reached skill level 6 in Maces & Flails
  3287 | D:4      | Reached skill level 1 in Shapeshifting
  3514 | D:4      | Reached skill level 2 in Shapeshifting
  3563 | D:2      | Bought 2 potions of lignification for 66 gold pieces
  3833 | D:5      | Reached skill level 3 in Dodging
  3899 | D:5      | Reached XP level 8. HP: 54/54 MP: 9/9
  4111 | D:5      | Found a staircase to the Ecumenical Temple.
  4280 | D:2      | Bought a potion of enlightenment for 55 gold pieces
  4391 | D:6      | Reached skill level 3 in Shapeshifting
  4630 | D:6      | Reached *** piety under Nemelex Xobeh
  4700 | D:6      | Reached skill level 5 in Fighting
  4788 | D:6      | Reached skill level 4 in Dodging
  4917 | D:6      | Received a gift from Nemelex Xobeh
  4983 | D:6      | Reached skill level 4 in Shapeshifting
  5115 | D:6      | Reached skill level 6 in Fighting
  5309 | D:6      | Noticed Prince Ribbit
  5321 | D:6      | Killed Prince Ribbit
  5505 | D:6      | Identified the +0 chain mail "Serchixt" {rPois Str+3 Dex+3}
  5583 | D:6      | Reached XP level 9. HP: 56/63 MP: 10/10
  5587 | D:6      | Reached skill level 5 in Shapeshifting
  5768 | D:7      | Noticed Maggie
  5781 | D:7      | Killed Maggie
  5782 | D:7      | Reached skill level 7 in Fighting
  5875 | D:7      | Found a broken altar of Ashenzari.
  5877 | D:7      | Noticed Joseph
  5883 | D:7      | Received a gift from Nemelex Xobeh
  5884 | D:7      | Identified the +0 long sword "Soexap" {chaos, Fragile rCorr
                  | Stlth+}
  5893 | D:7      | Killed Joseph
  5894 | D:7      | Reached skill level 6 in Shapeshifting
  6069 | D:7      | Found a blossoming altar of Fedhas.
  6069 | D:7      | Found a shimmering altar of Xom.
  6085 | D:7      | Reached skill level 7 in Shapeshifting
  6464 | D:7      | Noticed Jeremiah
  6480 | D:7      | Killed Jeremiah
  6481 | D:7      | Reached skill level 8 in Shapeshifting
  6596 | D:7      | Reached **** piety under Nemelex Xobeh
  6612 | D:7      | Reached XP level 10. HP: 66/71 MP: 11/11
  6719 | D:8      | Found Xaemyfy's Armour Boutique.
  6729 | D:8      | Received a gift from Nemelex Xobeh
  6764 | D:8      | Reached skill level 7 in Maces & Flails
  6845 | D:8      | Paralysed by a hornet for 3 turns
  7163 | D:8      | Reached skill level 9 in Shapeshifting
  7536 | D:8      | Found a stormy altar of Qazlal.
  7689 | D:8      | Received a gift from Nemelex Xobeh
  7805 | D:2      | Bought a potion of curing for 33 gold pieces
  8236 | D:8      | Found a stormy altar of Qazlal.
  8477 | D:8      | Found Xaemyfy's Armour Boutique.
  8611 | D:9      | Reached skill level 8 in Maces & Flails
  8719 | D:9      | Received a gift from Nemelex Xobeh
  8755 | D:9      | Found a flagged portal.
  8758 | D:9      | Noticed a kobold demonologist
  8768 | D:9      | Killed a kobold demonologist
  8813 | Bailey   | Entered a bailey
  9237 | Bailey   | Noticed an orc knight
  9260 | Bailey   | Killed an orc knight
  9278 | Bailey   | Reached skill level 9 in Maces & Flails
  9278 | Bailey   | Reached skill level 10 in Shapeshifting
  9831 | Bailey   | Noticed an orc warlord
  9835 | Bailey   | Killed an orc warlord
  9836 | Bailey   | Reached skill level 10 in Maces & Flails
  9836 | Bailey   | Reached XP level 11. HP: 75/75 MP: 12/12
  9883 | Bailey   | Reached skill level 8 in Fighting
  9883 | Bailey   | Reached skill level 12 in Maces & Flails
  9883 | Bailey   | Reached skill level 4 in Shields
  9883 | Bailey   | Reached XP level 12. HP: 84/84 MP: 13/13
  9987 | D:9      | Reached skill level 1 in Evocations
 10114 | D:9      | Noticed Harold
 10121 | D:9      | Killed Harold
 10122 | D:9      | Reached skill level 3 in Invocations
 10122 | D:9      | Reached skill level 2 in Evocations
 10406 | D:9      | Received a gift from Nemelex Xobeh
 10719 | D:9      | Noticed Pikel
 10731 | D:9      | Killed Pikel
 10732 | D:9      | Reached skill level 5 in Dodging
 10925 | D:9      | Reached skill level 3 in Evocations
 10965 | D:9      | Reached skill level 4 in Invocations
 10985 | D:9      | Reached skill level 1 in Axes
 11110 | D:10     | Entered Level 10 of the Dungeon
 11270 | D:10     | Noticed a two-headed ogre
 11279 | D:10     | Killed a two-headed ogre
 11280 | D:10     | Reached skill level 2 in Axes
 11342 | D:10     | Found a staircase to the Lair.
 11528 | D:10     | Noticed a two-headed ogre
 11548 | D:10     | Killed a two-headed ogre
 11605 | D:10     | Reached skill level 4 in Evocations
 11800 | D:10     | Reached skill level 3 in Axes
 12371 | D:10     | Reached skill level 5 in Invocations
 12656 | D:11     | Found a staircase to the Orcish Mines.
 12698 | D:11     | Reached skill level 4 in Axes
 12698 | D:11     | Reached skill level 6 in Dodging
 12931 | D:11     | Reached ***** piety under Nemelex Xobeh
 12931 | D:11     | Received a gift from Nemelex Xobeh
 13340 | D:11     | Found Funolige's Magic Scroll Boutique.
 13348 | D:11     | Bought a scroll of fear for 52 gold pieces
 13453 | D:11     | Received a gift from Nemelex Xobeh
 13704 | Lair:1   | Entered Level 1 of the Lair of Beasts
 13816 | Lair:1   | Reached skill level 5 in Axes
 13816 | Lair:1   | Reached XP level 13. HP: 89/89 MP: 17/17
 13934 | Lair:1   | Received a gift from Nemelex Xobeh
 14167 | Lair:1   | Reached skill level 6 in Invocations
 14517 | Lair:1   | Reached skill level 6 in Axes
 14930 | Lair:2   | Identified the +0 pair of boots "Xuwoimauwe" {Contam
                  | Rampage rN+++ Int-4}
 15493 | Lair:2   | Reached skill level 7 in Dodging
 15532 | Lair:2   | Received a gift from Nemelex Xobeh
 15543 | Lair:2   | Found a staircase to the Snake Pit.
 15978 | Lair:2   | Reached skill level 7 in Axes
 16032 | Lair:2   | Found a blossoming altar of Fedhas.
 16209 | Lair:3   | Reached skill level 7 in Invocations
 16292 | Lair:3   | Paralysed by a hornet for 3 turns
 16567 | Lair:3   | Found a staircase to the Swamp.
 17110 | D:8      | Bought a +2 kite shield of resistance for 498 gold pieces
 17723 | Lair:3   | Identified the ring "Jyanesh" {Ice +Blink}
 18020 | Lair:4   | Received a gift from Nemelex Xobeh
 18030 | Lair:4   | Reached skill level 8 in Axes
 18232 | Lair:4   | Reached skill level 5 in Shields
 18893 | Lair:4   | Reached skill level 9 in Fighting
 19227 | Lair:4   | Reached skill level 9 in Axes
 19329 | Lair:4   | Received a gift from Nemelex Xobeh
 19335 | Lair:4   | Found a staircase to the Slime Pits.
 19335 | Lair:4   | Found a viscous altar of Jiyva.
 19503 | Lair:4   | Received a gift from Nemelex Xobeh
 19861 | Lair:5   | Entered Level 5 of the Lair of Beasts
 19880 | Lair:4   | Reached XP level 14. HP: 84/97 MP: 19/19
 19971 | Lair:5   | Reached skill level 6 in Shields
 19979 | Lair:5   | Reached skill level 10 in Axes
 20003 | Lair:5   | Found an opulent altar of Gozag.
 20395 | Orc:1    | Entered Level 1 of the Orcish Mines
 20473 | Orc:1    | Found Vydethryr's Magic Scroll Shop.
 20565 | Orc:1    | Found a shimmering blue altar of Sif Muna.
 20586 | Orc:1    | Got Sif Muna's Guide on the Switch
 20675 | Orc:1    | Found a runed translucent door.
 20675 | Orc:1    | Noticed Kusum's ghost (journeyman DsFi)
 20801 | Orc:2    | Entered Level 2 of the Orcish Mines
 20846 | Orc:2    | Found a staircase to the Elven Halls.
 20846 | Orc:2    | Received a gift from Nemelex Xobeh
 21080 | Orc:2    | Reached skill level 10 in Fighting
 21113 | Orc:2    | Reached ****** piety under Nemelex Xobeh
 21185 | Orc:2    | Reached skill level 7 in Shields
 21473 | Orc:2    | Reached skill level 11 in Axes
 21853 | Orc:2    | Found Kynurr's Magic Scroll Emporium.
 21854 | Orc:2    | Found Ysuigop's Book Boutique.
 21854 | Orc:2    | Noticed Snorg
 21855 | Orc:2    | Snorg changed into Snorg the yaktaur
 21855 | Orc:2    | Noticed Snorg
 21855 | Orc:2    | Snorg the yaktaur changed into Snorg the acid dragon
 21855 | Orc:2    | Noticed Snorg
 21875 | Orc:2    | Killed Snorg the acid dragon
 21882 | Orc:2    | Bought a scroll of fear for 64 gold pieces
 22124 | Orc:1    | Received a gift from Nemelex Xobeh
 22528 | Orc:2    | Found Besepteo's Armour Emporium.
 22528 | Orc:2    | Found Xoju's Antique Armour Boutique.
 22645 | Orc:2    | Received a gift from Nemelex Xobeh
 23009 | D:2      | Bought a potion of cancellation for 88 gold pieces
 23518 | D:12     | Reached skill level 12 in Axes
 23657 | D:12     | Reached skill level 8 in Shields
 23887 | D:12     | Received a gift from Nemelex Xobeh
 23913 | D:12     | Noticed Erolcha
 23925 | D:12     | Killed Erolcha
 24757 | D:13     | Reached XP level 15. HP: 84/103 MP: 20/20
 25418 | D:13     | Reached skill level 13 in Axes
 25450 | D:13     | Reached skill level 9 in Shields
 26103 | D:13     | Found Benis's Vocational Training.
 26166 | D:13     | Bought a manual of Invocations for 880 gold pieces
 26641 | D:13     | Received a gift from Nemelex Xobeh
 27070 | D:13     | Found Benis's Vocational Training.
 27771 | D:14     | Identified 2 scrolls of acquirement
 27771 | D:14     | Acquired the ring of Exodocaja {Fly rC- Will+++ Int+6}
 27772 | D:14     | Acquired the ring of the Gloaming {AC+4 Slay+3}
 27780 | D:14     | Reached skill level 8 in Invocations
 27914 | D:14     | Reached skill level 14 in Axes
 28468 | D:14     | Reached skill level 9 in Invocations
 28798 | D:14     | Reached skill level 10 in Shields
 28815 | D:14     | Received a gift from Nemelex Xobeh
 28864 | D:14     | Found a gate to the Vaults.
 29452 | D:14     | Found a portal to a secret trove of treasure.
 29529 | D:15     | Entered Level 15 of the Dungeon
 29558 | D:15     | Noticed Josephine
 29903 | D:15     | Killed Josephine
 29963 | D:15     | Reached skill level 10 in Invocations
 30002 | D:15     | Noticed Roxanne
 30029 | D:15     | Killed Roxanne
 30151 | D:15     | Found a runed translucent gate.
 30151 | D:15     | Found a runed translucent gate.
 30156 | D:15     | Reached XP level 16. HP: 70/109 MP: 23/23
 30219 | D:15     | Found a blossoming altar of Fedhas.
 30221 | D:15     | Received a gift from Nemelex Xobeh
 30379 | D:15     | Found a staircase to the Depths.
 30531 | D:15     | Noticed Agnes
 30540 | D:15     | Agnes changed into Agnes the merfolk
 30540 | D:15     | Noticed Agnes
 30549 | D:15     | Killed Agnes the merfolk
 30683 | D:15     | Found a runed translucent gate.
 30718 | D:15     | Noticed Wuim's ghost (adept OgEE)
 30759 | D:15     | Noticed Azrael
 30776 | D:15     | Killed Azrael
 30783 | D:15     | Reached skill level 11 in Shapeshifting
 31240 | Lair:5   | Got Fyefieph's Dissertation on Space and Geology
 31497 | Lair:5   | Found a runed translucent gate.
 31499 | Lair:5   | Found a runed translucent gate.
 31500 | Lair:5   | Found a runed translucent gate.
 31500 | Lair:5   | Noticed an azure jelly
 31597 | Lair:5   | Received a gift from Nemelex Xobeh
 31613 | Lair:5   | Found a runed translucent door.
 31709 | Lair:5   | Reached skill level 12 in Shapeshifting
 32739 | Lair:5   | Noticed an azure jelly
 32740 | Lair:5   | Noticed an azure jelly
 32740 | Lair:5   | Noticed an azure jelly
 32741 | Lair:5   | Noticed an acid blob
 32741 | Lair:5   | Noticed an acid blob
 32742 | Lair:5   | Noticed an azure jelly
 32743 | Lair:5   | Noticed flinch's ghost (journeyman OpSh)
 32743 | Lair:5   | Noticed an azure jelly
 32743 | Lair:5   | Noticed an acid blob
 32744 | Lair:5   | Found a viscous altar of Jiyva.
 32961 | Lair:5   | Paralysed by a hornet for 1 turns
 33061 | Lair:5   | Reached skill level 13 in Shapeshifting
 33577 | Snake:1  | Entered Level 1 of the Snake Pit
 33577 | Snake:1  | Received a gift from Nemelex Xobeh
 33594 | Snake:1  | Found Xales's Magic Scroll Shop.
 33603 | Snake:1  | Bought a scroll of blinking for 97 gold pieces
 33603 | Snake:1  | Bought a scroll of teleportation for 39 gold pieces
 33603 | Snake:1  | Bought a scroll of teleportation for 39 gold pieces
 33603 | Snake:1  | Bought a scroll of teleportation for 39 gold pieces
 33951 | Snake:1  | You are sucked into a shaft and drop 1 floor!
 33955 | Snake:2  | Noticed Louise
 33957 | Snake:2  | Reached skill level 14 in Shapeshifting
 33958 | Snake:2  | Louise changed into Louise the skyshark
 33958 | Snake:2  | Noticed Louise
 33965 | Snake:1  | Killed Louise the skyshark
 34191 | Snake:2  | Noticed Vashnia
 34198 | Snake:1  | Reached XP level 17. HP: 100/115 MP: 24/24
 34303 | Snake:2  | Found a shimmering altar of Xom.
 34463 | Snake:2  | Found Qeha's Distillery.
 34467 | Snake:2  | Bought a potion of cancellation for 96 gold pieces
 34467 | Snake:2  | Bought a potion of might for 48 gold pieces
 34467 | Snake:2  | Bought a potion of resistance for 120 gold pieces
 34595 | Snake:2  | Killed Vashnia
 34596 | Snake:2  | Reached skill level 15 in Shapeshifting
 34700 | Snake:2  | Identified the +10 chain mail "Quvucett" {Harm +Blink rN+
                  | Dex+3}
 35028 | Snake:3  | Found a sacrificial altar of Ru.
 35215 | Snake:3  | Received a gift from Nemelex Xobeh
 35223 | Snake:3  | Found Sommuokh's Jewellery Shop.
 35229 | Snake:3  | Bought a +5 ring of evasion for 468 gold pieces
 35281 | Snake:3  | Reached skill level 8 in Dodging
 35413 | Snake:3  | Noticed Cuqaunix's ghost (adept MiCK)
 35429 | Snake:3  | Found a transporter.
 35432 | Snake:3  | Found a transporter.
 35567 | Snake:4  | Entered Level 4 of the Snake Pit
 35583 | Snake:4  | Reached skill level 11 in Shields
 35785 | Snake:4  | Reached skill level 11 in Fighting
 36056 | Snake:4  | Reached skill level 16 in Shapeshifting
 36153 | Snake:4  | Received a gift from Nemelex Xobeh
 36161 | Snake:4  | Reached XP level 18. HP: 124/124 MP: 25/25
 36213 | Snake:4  | Reached skill level 12 in Shields
 36324 | Snake:4  | Reached skill level 12 in Fighting
 36711 | Snake:4  | Reached skill level 13 in Fighting
 36903 | Snake:4  | Reached skill level 14 in Fighting
 36961 | Snake:4  | Got a serpentine rune of Zot
 37166 | Swamp:1  | Entered Level 1 of the Swamp
 37193 | Swamp:1  | Reached skill level 15 in Axes
 37335 | Swamp:1  | Reached skill level 11 in Invocations
 37718 | Swamp:2  | Noticed Jorgrun
 37829 | Swamp:2  | Noticed Nikola
 37837 | Swamp:2  | Killed Jorgrun
 37841 | Swamp:2  | Killed Nikola
 38119 | Swamp:2  | Reached skill level 9 in Dodging
 38336 | Swamp:2  | Reached skill level 12 in Invocations
 38464 | Swamp:2  | Reached XP level 19. HP: 137/137 MP: 28/28
 38592 | Swamp:2  | Received a gift from Nemelex Xobeh
 39073 | Swamp:3  | Reached skill level 13 in Invocations
 39268 | Swamp:4  | Entered Level 4 of the Swamp
 39268 | Swamp:4  | Received a gift from Nemelex Xobeh
 39340 | Swamp:4  | Reached skill level 15 in Fighting
 39665 | Swamp:4  | Reached skill level 10 in Dodging
 40127 | Swamp:4  | Reached skill level 16 in Axes
 40147 | Swamp:4  | Reached skill level 14 in Invocations
 40188 | Swamp:4  | Received a gift from Nemelex Xobeh
 40203 | Swamp:4  | Got a decaying rune of Zot
 40470 | Elf:1    | Entered Level 1 of the Elven Halls
 40539 | Elf:1    | Found Taogoiff's Assorted Antiques.
 40664 | Elf:1    | Bought a potion of haste for 360 gold pieces
 40684 | Elf:1    | Received a gift from Nemelex Xobeh
 40714 | Elf:1    | Paralysed by an air elemental for 1 turns
 41189 | Elf:1    | Reached skill level 15 in Invocations
 41189 | Elf:1    | Reached XP level 20. HP: 146/146 MP: 31/31
 41284 | Elf:1    | Reached skill level 11 in Dodging
 41577 | Elf:2    | Received a gift from Nemelex Xobeh
 42013 | Elf:2    | Reached skill level 16 in Fighting
 42060 | Elf:2    | Found a runed translucent gate.
 42061 | Elf:2    | Found a runed translucent gate.
 42061 | Elf:2    | Found a runed translucent gate.
 42187 | Elf:3    | Entered Level 3 of the Elven Halls
 44492 | Elf:3    | Identified the +0 long sword "Killer Klown's Peril" {drain,
                  | SInv}
 44495 | Elf:3    | Identified the +0 ring mail of Prudence {Will+ Int-5 Dex+6}
 44512 | Elf:3    | Identified the +8 chain mail "Jitz" {Stlth+}
 44534 | Elf:3    | Identified the +10 morningstar "Epteb" {heavy, rElec rF+
                  | Dex+5}
 44542 | Elf:3    | Reached skill level 12 in Dodging
 44676 | Elf:3    | Identified the +0 leather armour "Uttagufo" {rN+ Str+3
                  | Slay-4}
 44680 | Elf:3    | Identified the +9 shortbow of the Crypt {elec, rPois Will-
                  | Str+5}
 44831 | Elf:3    | Identified the +2 shortbow of Ybliw {elec, Str+2 Int+2}
 44838 | Elf:3    | Identified the +6 sling of Moderation {heavy, Str-4 Int+3
                  | SInv}
 44860 | Elf:3    | Got Tuept's Notes on the Gang and the Lungs
 45148 | Elf:3    | Noticed a Tzitzimitl
 45998 | Vaults:1 | Entered Level 1 of the Vaults
 46141 | Vaults:1 | Reached skill level 13 in Shields
 46190 | Vaults:1 | Received a gift from Nemelex Xobeh
 46311 | Vaults:1 | Found Varuafosh's Assorted Antiques.
 46423 | Vaults:1 | Reached XP level 21. HP: 154/154 MP: 32/32
 46774 | Vaults:1 | Found a runed translucent door.
 46776 | Vaults:1 | Noticed Kare Xaoge's ghost (adept DgSh)
 46811 | Vaults:1 | Received a gift from Nemelex Xobeh
 47226 | Vaults:2 | Reached skill level 17 in Fighting
 47234 | Vaults:2 | Reached skill level 17 in Shapeshifting
 47258 | Vaults:2 | Identified the +6 rapier "Igriopoj" {freeze, rN+ Int+3
                  | Dex-3}
 47336 | Vaults:2 | Reached skill level 13 in Dodging
 47413 | Vaults:2 | Found a staircase to the Crypt.
 47413 | Vaults:2 | Found an ancient bone altar of Kikubaaqudgha.
 47413 | Vaults:2 | Found a basalt altar of Yredelemnul.
 47895 | Vaults:2 | Received a gift from Nemelex Xobeh
 48208 | Vaults:3 | Reached skill level 14 in Shields
 48311 | Vaults:3 | Received a gift from Nemelex Xobeh
 49039 | Vaults:3 | Received a gift from Nemelex Xobeh
 49387 | Vaults:4 | Received a gift from Nemelex Xobeh
 49431 | Vaults:4 | Reached XP level 22. HP: 164/164 MP: 33/33
 49486 | Vaults:4 | Received a gift from Nemelex Xobeh
 49498 | Vaults:4 | Noticed Mennas
 49508 | Vaults:4 | Killed Mennas
 49509 | Vaults:4 | Reached skill level 14 in Dodging
 49586 | Vaults:4 | Found Hoemuf's Book Shoppe.
 49597 | Vaults:4 | Noticed Norris
 49616 | Vaults:4 | Killed Norris
 49650 | Vaults:4 | Found Rineptagyx's Weapon Shop.
 49789 | Vaults:4 | Identified the +6 short sword "Puowk" {freeze, rN+}
 49806 | Vaults:4 | Received a gift from Nemelex Xobeh
 50277 | Vaults:4 | Found Radweasi's Antique Weapon Emporium.
 50280 | Vaults:4 | Bought a runed broad axe for 329 gold pieces
 50564 | Depths:1 | Entered Level 1 of the Depths
 50607 | Depths:1 | Reached skill level 18 in Fighting
 50621 | Depths:1 | Received a gift from Nemelex Xobeh
 50644 | Depths:1 | Reached skill level 15 in Shields
 50846 | Depths:1 | Reached skill level 18 in Shapeshifting
 50921 | Depths:1 | Found a gateway to Hell.
 50937 | Depths:1 | Reached skill level 15 in Dodging
 51003 | Depths:1 | Found a corrupted altar of Lugonu.
 51096 | Depths:1 | Found a one-way gate to the infinite horrors of the Abyss.
 51174 | Depths:1 | Found a burning altar of Makhleb.
 51290 | Depths:2 | Found a one-way gate leading to the halls of Pandemonium.
 51693 | Depths:2 | Reached skill level 16 in Dodging
 51861 | Depths:2 | Identified the +5 long sword of Massacring {venom, +Blink
                  | rElec rC-}
 52114 | Depths:2 | Found a white marble altar of Elyvilon.
 52139 | Depths:2 | You are sucked into a shaft and drop 2 floors!
 52139 | Depths:4 | Entered Level 4 of the Depths
 52141 | Depths:4 | Received a gift from Nemelex Xobeh
 52511 | Depths:2 | Received a gift from Nemelex Xobeh
 52513 | Depths:2 | Found a radiant altar of Vehumet.
 53097 | Depths:3 | Reached XP level 23. HP: 171/171 MP: 34/34
 53177 | Depths:3 | Noticed a juggernaut
 53190 | Depths:3 | Killed a juggernaut
 54116 | Depths:3 | Found a hazy altar of Hepliaklqana.
 54117 | Depths:3 | Received a gift from Nemelex Xobeh
 54179 | Depths:3 | Found the +10 dark maul {heavy}
 54391 | Depths:3 | Reached skill level 19 in Shapeshifting
 54395 | Depths:3 | Noticed a juggernaut
 54404 | Depths:3 | Killed a juggernaut
 54593 | Depths:4 | Found an ancient bone altar of Kikubaaqudgha.
 54603 | Depths:4 | Received a gift from Nemelex Xobeh
 54616 | Depths:4 | Identified the ring of Beauty {rPois rCorr Str+3 Int+5
                  | Dex-4}
 54639 | Depths:4 | Reached skill level 17 in Dodging
 54661 | Depths:4 | Found a one-way gateway to a ziggurat.
 54738 | Depths:4 | Noticed a golden dragon
 54754 | Depths:4 | Killed a golden dragon
 54849 | Depths:4 | Noticed a golden dragon
 54863 | Depths:4 | Killed a golden dragon
 55015 | Depths:4 | Found a gate to the Realm of Zot.
 55033 | Depths:4 | Reached skill level 19 in Fighting
 55184 | Depths:4 | Received a gift from Nemelex Xobeh
 56055 | Crypt:1  | Entered Level 1 of the Crypt
 56243 | Crypt:1  | Received a gift from Nemelex Xobeh
 56474 | Crypt:1  | Identified the +4 ring mail of Youthful Indiscretion {rF+}
 56553 | Crypt:1  | Reached skill level 20 in Shapeshifting
 56559 | Crypt:1  | Reached XP level 24. HP: 180/180 MP: 34/34
 56971 | Crypt:2  | Received a gift from Nemelex Xobeh
 57322 | Crypt:2  | Received a gift from Nemelex Xobeh
 57516 | Crypt:3  | Entered Level 3 of the Crypt
 57851 | Orc:2    | Bought a scroll of enchant weapon for 120 gold pieces
 57851 | Orc:2    | Bought a scroll of teleportation for 48 gold pieces
 57851 | Orc:2    | Bought a scroll of teleportation for 48 gold pieces
 58025 | Snake:1  | Bought a scroll of enchant weapon for 97 gold pieces
 58200 | D:14     | Reached skill level 18 in Dodging
 58200 | D:14     | Reached XP level 25. HP: 189/189 MP: 34/34
 58202 | D:14     | You paid a toll of a +8 demon whip to enter a treasure
                  | trove
 58203 | Trove    | Entered a treasure trove
 58213 | Trove    | Found the +10 tower shield of Ignorance {rN+ Int-4}
 58251 | Trove    | Identified the amulet "Onemitzo" {Spirit Harm rElec}
 58548 | Crypt:3  | Received a gift from Nemelex Xobeh
 58760 | Crypt:3  | Noticed Xtahua
 58766 | Crypt:3  | Reached skill level 20 in Fighting
 58780 | Crypt:3  | Killed Xtahua
 58987 | Crypt:3  | Received a gift from Nemelex Xobeh
 59072 | Crypt:3  | Found a staircase to the Tomb.
 59085 | Crypt:3  | Reached skill level 5 in Evocations
 59269 | Crypt:3  | Identified the ring "Qeniashra" {rF+ Will+ EV+5}
 59279 | Crypt:3  | Identified the ring "Qyojaocw" {rElec rPois rN+ rCorr}
 59279 | Crypt:3  | Identified the ring of Qaqul {rPois rN+ Str+2 Int-3}
 59279 | Crypt:3  | Identified the ring "Guneaqai" {rN+ rCorr}
 59444 | Vaults:5 | Entered Level 5 of the Vaults
 59444 | Vaults:5 | Received a gift from Nemelex Xobeh
 59449 | Vaults:5 | Identified the +0 chain mail of Koemetwe {Fly rC+ Str-3}
 59548 | Vaults:5 | Identified the +3 chain mail of Midnight {rF- Regen+ Dex+3}
 59549 | Vaults:5 | Identified the +7 orcbow "Peli" {heavy, rN+}
 59553 | Vaults:5 | Reached skill level 6 in Evocations
 59658 | Vaults:5 | Found the +3 Elemental Staff {ele, rElec rF+ rC+ AC+3}
 59676 | Vaults:5 | Identified the staff "Ogoel Meutt" {Fragile rPois rN+
                  | Earth}
 60006 | Vaults:5 | Reached skill level 7 in Evocations
 60028 | Vaults:5 | Identified the amulet "Falocuor" {RegenMP Fly Will+ Slay+3}
 60029 | Vaults:5 | Reached skill level 16 in Invocations
 60134 | Vaults:5 | Reached skill level 19 in Dodging
 60141 | Vaults:5 | Identified the +1 flail of True Grit {speed, rF++ rC+ Dex+2
                  | Stlth+}
 60168 | Vaults:5 | Reached XP level 26. HP: 177/196 MP: 14/35
 60182 | Vaults:5 | Reached skill level 8 in Evocations
 60310 | Vaults:5 | Got the Vellum of the Sky
 60313 | Vaults:5 | Identified the staff of Proximity {rN+ Will++ Int-5 SInv
                  | Necro}
 60416 | Vaults:5 | Identified the ring "Qur Cixt" {rPois AC+4 Dex+3 Slay+2}
 60428 | Vaults:5 | Noticed a dread lich
 60439 | Vaults:5 | Killed a dread lich
 60486 | Vaults:5 | Got a silver rune of Zot
 60488 | Vaults:5 | Identified the ring of Lugonu's Felicitations {rElec MP+9}
 60592 | Vaults:5 | Found Ofenlu's Assorted Antiques.
 60600 | Vaults:5 | Bought a wand of digging (7) for 1087 gold pieces
 60748 | Vaults:5 | Got the Compendium of the Mantle
 61305 | Zot:1    | Entered Level 1 of the Realm of Zot
 61306 | Zot:1    | Found the -2 hat of the Alchemist {rElec rPois rF+ rC+ rN+
                  | Will+ rMut rCorr}
 61756 | Zot:1    | Reached skill level 9 in Evocations
 61902 | Zot:2    | Noticed an orb of fire
 61915 | Zot:2    | Killed an orb of fire
 61920 | Zot:2    | Reached skill level 17 in Invocations
 61923 | Zot:2    | Reached skill level 21 in Shapeshifting
 62052 | Zot:3    | Received a gift from Nemelex Xobeh
 62249 | Zot:3    | Reached skill level 10 in Evocations
 62253 | Zot:3    | Noticed an orb of fire
 62265 | Zot:3    | Killed an orb of fire
 62309 | Zot:3    | Noticed a dread lich
 62316 | Zot:3    | Killed a dread lich
 63055 | Zot:3    | Received a gift from Nemelex Xobeh
 63060 | Zot:3    | Reached skill level 20 in Dodging
 64333 | Zot:4    | Reached skill level 11 in Evocations
 64463 | Zot:4    | Reached XP level 27. HP: 201/201 MP: 35/35
 64482 | Zot:4    | Reached skill level 18 in Invocations
 64611 | Zot:4    | Received a gift from Nemelex Xobeh
 64680 | Zot:4    | Noticed Grunn
 64690 | Zot:4    | Killed Grunn
 64703 | Zot:4    | Reached skill level 12 in Evocations
 65086 | Zot:5    | Entered Level 5 of the Realm of Zot
 65114 | Zot:5    | Reached skill level 22 in Shapeshifting
 65182 | Zot:5    | Received a gift from Nemelex Xobeh
 65292 | Zot:5    | Noticed an orb of fire
 66345 | Zot:5    | Noticed an orb of fire
 66352 | Zot:5    | Gained mutation: Your body sometimes deteriorates upon
                  | taking damage. [an orb of fire]
 66361 | Zot:5    | Gained mutation: You are frail. (-10% HP) [an orb of fire]
 66366 | Zot:5    | Killed an orb of fire
 66366 | Zot:5    | Noticed an orb of fire
 66370 | Zot:5    | Gained mutation: Your body often deteriorates upon taking
                  | damage. [an orb of fire]
 66381 | Zot:5    | Gained mutation: You occasionally lose the ability to read
                  | scrolls when taking damage. [an orb of fire]
 66386 | Zot:5    | Killed an orb of fire
 66386 | Zot:5    | Noticed an orb of fire
 66394 | Zot:5    | Killed an orb of fire
 66405 | Zot:5    | Killed an orb of fire
 66879 | Zot:5    | Identified the +1 trident of the Shining Light {flame,
                  | rElec rCorr Str+3}
 66881 | Zot:5    | Reached skill level 23 in Shapeshifting
 67386 | Zot:5    | Got the Orb of Zot
 67437 | Zot:4    | Noticed Irpheawn the pandemonium lord
 67524 | Zot:1    | Identified the -2 quarterstaff "Xiof" {venom, Int+4}
 67651 | Depths:1 | Noticed Gesufede the pandemonium lord
 67658 | Depths:1 | Killed Gesufede the pandemonium lord
 67667 | Depths:1 | Noticed Diky the pandemonium lord
 67671 | Depths:1 | Reached skill level 24 in Shapeshifting
 67672 | Depths:1 | Killed Diky the pandemonium lord
 67942 | D:3      | Noticed Eqoitici the pandemonium lord
 67958 | D:3      | Killed Eqoitici the pandemonium lord
 68015 | D:1      | Noticed Uneateex the pandemonium lord
 68023 | D:$      | Escaped with the Orb!

Illustrated notes

Levels and vault maps discovered:
D:1:      minmay_arrival_stone_box, layout_loops_cross, minmay_tetromino_i2
D:2:      layout_basic, serial_shops, shop, uniq_jessica,
          uniq_crazy_yiuf_cottage
D:3:      layout_rooms, grunt_ministairs_10
D:4:      layout_cave_pools, nemelex_dance_club_becter, uniq_duvessa,
          uniq_blork_the_orc
D:5:      layout_rooms, minmay_temple_entry_from_below_a, gup_sewer_entry_glass
D:6:      layout_basic, st_stairs_4, nicolae_the_louvre, uniq_prince_ribbit1
D:7:      layout_gridville, lemuel_doored_altar,
          mainiacjoe_overflow_large_starburst, uniq_joseph, uniq_maggie,
          uniq_jeremiah
D:8:      layout_basic, grunt_qazlal_clouds, serial_shops, nicolae_shop_trees,
          minmay_diced_spiral
D:9:      layout_gridville, enter_bailey_5, nicolae_wwwww, uniq_harold,
          uniq_pikel
D:10:     layout_basic, erik_lair_orcish_takeover, hangedman_corner_corridor
D:11:     layout_small_grid, orc_0_dummy, serial_shops, nicolae_shop_tiny_glass
D:12:     layout_gridville, uniq_erolcha
D:13:     layout_irregular_city, serial_demonic, serial_demonic_d,
          serial_demonic_e, serial_demonic_d, serial_demonic_f,
          serial_demonic_b, serial_demonic_e, serial_demonic_f,
          serial_demonic_d, hangedman_weighted_door, nicolae_shop_vocational
D:14:     layout_basic, hangedman_vaults_entry_quadrant_bands,
          nicolae_trove_entry_crossroad
D:15:     grunt_enter_depths_giant_problem, layout_loops_ring, fedhas_altar_1,
          gammafunk_ghost_icy, uniq_roxanne, uniq_azrael, uniq_agnes,
          uniq_josephine
Lair:1:   layout_loops_ring, st_stairs_8, disabler_island, serial_bayou_shore_b
Lair:2:   layout_hall_layers, alex1729_snake_entry_snake, hangedman_tree_tricks
Lair:3:   layout_cave_pods, minmay_swamp_entry_worms, nzn_sisyphean_effort,
          lemuel_fruit_fields, lemuel_fruit_tree
Lair:4:   nzn_winding_woodlands_small [nzn_winding_woodlands_5x15_split_checker,
          nzn_winding_woodlands_center_triple_pond,
          nzn_winding_woodlands_5x15_jagged], layout_gridlike,
          nicolae_slime_entry_slimehenge, grunt_megastairs_1,
          lemuel_fruit_fields, serial_bayou_shore_a
Lair:5:   hangedman_lair_in_review, layout_regular_city, wormcave, basic_altar,
          gammafunk_ghost_ooze, infiniplex_staircase_pool
Swamp:1:  layout_basic_swamp, evilmike_swamp_ruin_house_3
Swamp:2:  layout_basic_swamp, nicolae_swamp_trees_clearing, swamp_pool3,
          uniq_nikola, uniq_jorgrun
Swamp:3:  layout_basic_swamp, hangedman_swamp_pad
Swamp:4:  swamp_vile, layout_basic_swamp, swamp_pool1,
          nicolae_swamp_tree_designs
Snake:1:  layout_rooms, serial_shops, nicolae_shop_gibbet_a_chance
Snake:2:  layout_cave_shapes, serial_shops, nicolae_shop_back_alley_shop,
          basic_altar, uniq_louise, uniq_vashnia
Snake:3:  layout_basic, basic_altar, serial_shops, shop, gammafunk_ghost_arena
Snake:4:  snake_pit_salamanders_mu, layout_rooms, special_room,
          nicolae_snake_snakes_in_the_grass
Orc:1:    layout_caves, serial_shops, nicolae_shop_hallway_plus, basic_altar,
          gammafunk_ghost_grave, led_sif_book
Orc:2:    st_orc_town, layout_caves, uniq_snorg
Elf:1:    minmay_elf_arrival_summoners, layout_loops_corners, serial_shops,
          shop, hangedman_elf_represent, nicolae_elf_big_sculpture_2, kb_rosetta
Elf:2:    nicolae_elf_blades_crystal_corner, layout_gridlike, grunt_megastairs_2
Elf:3:    minmay_elf_hall_curves, layout_geoelf_castle, minivault_20
Vaults:1: ebering_ghost_reflecting_pool, v_pattern_2,
          vaults_room_hangedman_quadrants, nicolae_vaults_double_plus_1,
          v_alt_pattern_5, v_rooms_2, vaults_room_fancy_cross,
          grunt_vaults_bifocal, vaults_room_fours, layout_vaults_ring,
          serial_shops, shop_statue
Vaults:2: minmay_crypt_entry_necro_gods, nicolae_vaults_trapezoid_lopsided_1,
          nicolae_vaults_tetromino_Z_1, nicolae_vaults_circle_grid_a, st_cells,
          v_rooms_4, v_pattern_4, nicolae_vaults_six-pack,
          nicolae_vaults_network_square, hangedman_vaults_stretched_pinwheel,
          nicolae_vaults_alarming, nicolae_vaults_tetromino_T_2,
          grunt_vaults_diagonal, nicolae_vaults_surprise_closet,
          vaults_mumra_lcd, layout_vaults_omnicross
Vaults:3: nicolae_vaults_oval_intersection, v_misc_17, v_rooms_5,
          grunt_vaults_swirl, nicolae_vaults_branching_niches,
          nicolae_vaults_closet_pinwheel_3, nicolae_vaults_big_angled_halls,
          nicolae_vaults_asterisk, nicolae_vaults_trapezoid_layered, v_misc_10,
          v_misc_1, nicolae_vaults_three_branches, ontoclasm_vaults_tryst,
          nicolae_vaults_trapezoid_lopsided_4, nicolae_vaults_little_squares_5,
          nicolae_vaults_tetromino_T_1, layout_vaults_omnibox
Vaults:4: hangedman_vaults_trim, v_misc_19, vaults_mumra_hexcomb,
          nicolae_vaults_theta, hangedman_vaults_restitches,
          nicolae_vaults_surprise_closet, layout_vaults_omnigrid, serial_shops,
          shop, nicolae_lakefront_shop, nicolae_shop_pleasant_corner_grove,
          uniq_mennas, uniq_norris
Vaults:5
Crypt:1:  layout_chaotic_city, serial_sigils_hangedman_writhe
Crypt:2:  layout_misc_corridors, st_stairs_14
Crypt:3:  david_glass_crypt, layout_gridlike, minivault_24, uniq_xtahua,
          uniq_margery
Depths:1: layout_cave_pools, hell_entry, abyss_entry, lemuel_round_altar,
          tgw_lugonu_bribe
Depths:2: minmay_diamond_stairs, layout_cave_shapes, grunt_hell_entry_dis_mu,
          serial_column_ruins, column_ruins_portal_astroid,
          column_ruins_square_medium, column_ruins_hut, column_ruins_open_tiny,
          column_ruins_corridor_straight, column_ruins_grid_2,
          column_ruins_open_tiny, column_ruins_open_tiny, abyss_entry,
          pan_entry, elyvilon_altar_5, fiery_altar_vehumet, firewood_loft
Depths:3: minmay_roctagon, layout_gridlike, hell_entry, minmay_room_of_horrors,
          nicolae_hepliaklqana_hippocampus, infiniplex_staircase_spiral_double
Depths:4: evilmike_zot_entry_diamond, layout_cave_shapes, enter_ziggurat_b,
          pf_hell_entry_tar_spiral, nicolae_kikubaaqudgha_miasma_corner,
          roderic_roman_lattice, lemuel_flames_and_gold
Zot:1:    layout_twisted_circle, amethyst_zot_foddershock
Zot:2:    layout_misc_corridors, lemuel_golem_globe
Zot:3:    hangedman_zot_vaults_quadrants, layout_concentric_octagons
Zot:4:    layout_gridlike, uniq_grunn
Zot:5:    layout_cathedral_of_symmetry, hangedman_zot_diagonal_lockstep,
          lemuel_baited_zot_trap, nrook_zot_tub

Skill      XL: |  1  2  3  4  5  6  7  8  9 10 11 12 13 14 15 16 17 18 19 20 21 22 23 24 25 26 27 |
---------------+----------------------------------------------------------------------------------+-----
Invocations    | 1 2 5 7 10 12 15 16 17 18 | 18.0
Fighting       | 4 6 7 8 9 10 11 14 15 16 17 18 19 20 | 20.0
Maces & Flails | 1 3 4 5 6 10 12 | 12.1
Shapeshifting  | 2 4 8 10 14 16 17 18 20 21 24 | 24.3
Dodging        | 3 4 6 7 8 9 10 12 13 16 17 18 19 20 | 20.0
Shields        | 4 5 8 10 11 12 13 14 15 | 15.0
Evocations     | 4 7 11 12 | 12.0
Axes           | 5 9 12 14 15 16 | 16.4
Short Blades   | |  2.1
Stealth        | |  6.7

Action                     |  1- 3 |  4- 6 |  7- 9 | 10-12 | 13-15 | 16-18 | 19-21 | 22-24 | 25-27 || total
---------------------------+-------+-------+-------+-------+-------+-------+-------+-------+-------++-------
  Melee: Short sword       |    32 |       |       |     3 |       |       |       |       |       ||    35
         Constrict         |    14 |     6 |    31 |    49 |   115 |    95 |   168 |   109 |   144 ||   731
         Tentacles         |     6 |     6 |    53 |   121 |   290 |   268 |   269 |   303 |   447 ||  1763
         Whip              |    40 |    24 |   178 |   398 |   430 |       |       |       |       ||  1070
         Punch             |       |     1 |     3 |     7 |    27 |     8 |    12 |    11 |    32 ||   101
         Unarmed           |       |    20 |     1 |    19 |       |       |       |       |       ||    40
         Maw               |       |       |       |   147 |   452 |   100 |       |       |       ||   699
         Broad axe         |       |       |       |     3 |   554 |   909 |   926 |   786 |  1111 ||  4289
  Throw: Dart              |       |     1 |    25 |    18 |    19 |       |       |     8 |       ||    71
 Invoke: Draw Destruction  |       |     8 |     2 |     7 |    28 |    10 |     3 |     3 |     2 ||    63
         Draw Summoning    |       |     1 |     1 |     4 |     7 |     5 |     3 |     4 |     6 ||    31
         Stack Five        |       |       |       |     1 |       |       |     1 |       |       ||     2
         Deal Four         |       |       |       |       |     2 |     4 |     1 |     1 |     6 ||    14
         Draw Stack        |       |       |       |       |     2 |       |     1 |       |     1 ||     4
         Draw Escape       |       |       |       |       |       |     2 |       |       |       ||     2
         Triple Draw       |       |       |       |       |       |     1 |       |       |     1 ||     2
  Evoke: Wand              |       |       |     7 |    18 |     2 |    10 |     1 |     3 |     5 ||    46
         Sack of spiders   |       |       |       |       |       |       |       |     1 |     1 ||     2
    Use: Scroll            |     2 |     1 |     3 |     8 |    16 |    10 |     4 |     6 |    10 ||    60
         Potion            |       |     1 |       |     4 |     1 |     3 |       |     1 |    12 ||    22
   Stab: Sleeping          |    24 |     3 |     9 |     5 |    23 |    14 |    25 |    11 |    10 ||   124
         Distracted        |       |     1 |     3 |       |     8 |     9 |     9 |     5 |     6 ||    41
         Paralysed         |       |       |    10 |     1 |       |       |       |     1 |     1 ||    13
         Petrifying        |       |       |       |       |     1 |       |       |     1 |     2 ||     4
         Confused          |       |       |       |       |       |       |     3 |    12 |    11 ||    26
         Petrified         |       |       |       |       |       |       |       |     1 |       ||     1
 Armour: Skin              |    15 |    55 |    51 |   193 |   271 |   558 |   484 |   366 |   403 ||  2396
  Dodge: Dodged            |    22 |     8 |    81 |   121 |   368 |   684 |   734 |   872 |  1282 ||  4172
  Block: Buckler           |     6 |     5 |    24 |    58 |    13 |       |       |       |       ||   106
         Kite shield       |       |       |       |       |   504 |  1040 |   906 |   969 |  1228 ||  4647
   Form: Maw               |       |       |       |     1 |       |       |       |       |       ||     1
         Statue            |       |       |       |       |       |     1 |       |       |       ||     1

Table legend: (Time is in decaauts)
 A = Elapsed time spent in this place.
 B = Non-inter-level travel time spent in this place.
 C = Inter-level travel time spent in this place.
 D = Time resting spent in this place.
 E = Time spent auto-exploring this place.
 F = Levels seen in this place.
 G = Mean time per level.
                   A        B        C        D        E       F      G
               +--------+--------+--------+--------+--------+-----+--------+
         Total |  84142 |  75397 |   8745 |  17393 |  41785 |  52 | 1618.1 |
       Dungeon |  22734 |  19408 |   3326 |   4083 |  11689 |  15 | 1515.6 |
          Lair |   9685 |   8634 |   1051 |   2553 |   4563 |   5 | 1937.0 |
         Swamp |   4730 |   4535 |    195 |   1228 |   2191 |   4 | 1182.5 |
     Snake Pit |   5279 |   4749 |    530 |    504 |   2625 |   4 | 1319.8 |
  Orcish Mines |   2692 |   2367 |    325 |    726 |   1080 |   2 | 1346.0 |
   Elven Halls |   7967 |   7600 |    367 |   2205 |   4245 |   3 | 2655.7 |
        Vaults |   9752 |   8432 |   1320 |    408 |   5875 |   5 | 1950.4 |
         Crypt |   3624 |   3269 |    355 |    499 |   1911 |   3 | 1208.0 |
        Depths |   7922 |   7083 |    839 |   1675 |   3865 |   4 | 1980.5 |
           Zot |   8568 |   8135 |    433 |   2853 |   3682 |   5 | 1713.6 |
         Trove |    100 |    100 |      0 |      0 |      0 |   1 |  100.0 |
        Bailey |   1084 |   1084 |      0 |    656 |     57 |   1 | 1084.0 |
               +--------+--------+--------+--------+--------+-----+--------+

Top non-repeatable levels by time:
   Elf:3: 5394 daAuts
    D:13: 3536 daAuts
   Zot:3: 3384 daAuts
   Zot:5: 3370 daAuts
Depths:2: 2537 daAuts
  Lair:5: 2436 daAuts
    D:14: 2432 daAuts
  Lair:4: 2354 daAuts
Vaults:5: 2245 daAuts
Vaults:1: 2205 daAuts
 Snake:4: 2089 daAuts
Depths:3: 1980 daAuts
  Lair:3: 1904 daAuts
Vaults:3: 1877 daAuts
Depths:4: 1815 daAuts
